 Dungeon Crawl Stone Soup version 0.23.0 (webtiles) character file.

Game seed: 10612530065468017442

505362 DrEnzyme the Wrestler (level 23, -9/180 HPs)
             Began as a Demonspawn Artificer on Feb 18, 2019.
             Was the Champion of Yredelemnul.
             Killed by drain life
             ... invoked by a deathcap
             ... summoned by a curse toe
              (10 damage)
             ... on level 3 of the Realm of Zot on Feb 19, 2019.
             The game lasted 03:11:12 (67643 turns).

DrEnzyme the Wrestler (Demonspawn Artificer)       Turns: 67643, Time: 03:11:12

Health: -9/180     AC: 19    Str: 20    XL:     23   Next: 83%
Magic:  0/38       EV: 10    Int: 25    God:    Yredelemnul [******]
Gold:   1557       SH:  0    Dex: 12    Spells: 22/44 levels left

rFire    + + .     SeeInvis +     - Unarmed
rCold    + . .     Gourm    .   s - +0 large shield "Jizir" {rF+ Str+4 Stlth+}
rNeg     + . .     Faith    .   o - +7 storm dragon scales
rPois    +         Spirit   +   (helmet unavailable)
rElec    +         Reflect  +   S - +2 cloak
rCorr    .         Harm     .   (gloves unavailable)
MR       +++++                  (boots unavailable)
Stlth    ..........             b - +4 amulet of reflection
HPRegen  0.40/turn              G - ring "Sasip" {rPois MR+++ Str-4 Slay+6}
MPRegen  0.26/turn              d - ring of Damasugu {+Fly rF+ rN+ Int+7 Dex-3}

@: confused, corroded
A: antennae 3, claws 3, talons 3, clever 2, cold resistance 1, magic resistance
1, robust 1, spiny 3, magic shield, subdued magic 1
}: 3/15 runes: barnacled, slimy, gossamer
a: Recall Undead Slaves, Injury Mirror, Animate Dead, Drain Life, Enslave Soul,
Renounce Religion, Evoke Flight


You were on level 3 of the Realm of Zot.
You worshipped Yredelemnul.
Yredelemnul was exalted by your worship.
You were not hungry.

You visited 11 branches of the dungeon, and saw 52 of its levels.
You visited 1 bazaar.
You also visited: Sewer, Gauntlet and Ice Cave.

You collected 8186 gold pieces.
You spent 6629 gold pieces at shops.

Inventory:

Hand Weapons
 l - a +5 vampiric short sword
Missiles
 H - 11 javelins of penetration (quivered)
Armour
 e - a +2 shield of cold resistance
 o - +7 storm dragon scales (worn)
 s - the +0 large shield "Jizir" (worn) {rF+ Str+4 Stlth+}
   (You acquired it on level 3 of the Depths)

   It affects your strength (+4).
   It protects you from fire.
   It makes you more stealthy.
 S - a +2 cloak (worn)
 X - the +7 chain mail "Moam" {rF++ Int+3 SInv}
   (You found it on level 5 of the Lair of Beasts)

   It affects your intelligence (+3).
   It greatly protects you from fire.
   It lets you see invisible.
Jewellery
 b - a +4 amulet of reflection (around neck)
 d - the ring of Damasugu (right claw) {+Fly rF+ rN+ Int+7 Dex-3}
   (You found it on level 3 of the Elven Halls)

   [ring of flight]

   It affects your intelligence (+7).
   It affects your dexterity (-3).
   It protects you from fire.
   It protects you from negative energy.
   It lets you fly.
 h - the amulet of Pyakuoscha {Spirit Str+2 Slay+3}
   (You found it on level 5 of the Pits of Slime)

   [amulet of guardian spirit]

   It causes incoming damage to be split between your health and magic.
   It affects your strength (+2).
   It affects your accuracy and damage with ranged weapons and melee attacks
   (+3).
 q - an uncursed ring of fire
 w - an uncursed ring of resist corrosion
 x - an uncursed amulet of faith {unknown}
 G - the ring "Sasip" (left claw) {rPois MR+++ Str-4 Slay+6}
   (You bought it in a shop on level 10 of the Dungeon)

   [ring of poison resistance]

   It affects your strength (-4).
   It affects your accuracy and damage with ranged weapons and melee attacks
   (+6).
   It protects you from poison.
   It affects your resistance to hostile enchantments.
 K - a +6 ring of evasion
 V - an uncursed ring of flight
Wands
 a - a wand of clouds (11)
 p - a wand of scattershot (8)
 u - a wand of acid (17)
 O - a wand of digging (8)
Scrolls
 c - 4 scrolls of magic mapping
 g - 13 scrolls of immolation
 i - 3 scrolls of identify
 k - 8 scrolls of enchant weapon
 r - a scroll of amnesia
 v - 16 scrolls of teleportation
 y - 15 scrolls of remove curse
 A - 6 scrolls of fear
 C - 12 scrolls of fog
 E - 3 scrolls of summoning
 I - 9 scrolls of blinking
 N - a scroll of silence
Potions
 j - 3 potions of agility
 m - 12 potions of curing
 n - 5 potions of mutation
 t - 4 potions of cancellation
 z - 11 potions of lignification
 F - 5 potions of haste
 L - 4 potions of brilliance
 P - 2 potions of might
 Q - 5 potions of ambrosia
 R - 3 potions of resistance
 T - 3 potions of heal wounds
 Z - 2 potions of invisibility
Miscellaneous
 D - 2 phantom mirrors
 M - 3 sacks of spiders
 U - a lamp of fire
 W - a phial of floods
Comestibles
 f - 62 rations


   Skills:
 + Level 9.7 Fighting
 - Level 0.9 Short Blades
 + Level 15.4 Armour
 * Level 9.0 Dodging
 - Level 0.8 Stealth
 * Level 11.6 Shields
 + Level 23.9 Unarmed Combat
 - Level 11.2 Spellcasting
 - Level 7.1 Necromancy
 - Level 5.9 Translocations
 - Level 10.8 Transmutations
   Level 9.9 Earth Magic
 - Level 9.9 Invocations
 - Level 3.3 Evocations


You had 22 spell levels left.
You knew the following spells:

 Your Spells              Type           Power        Failure   Level  Hunger
b - Necromutation         Tmut/Necr      #####.....   100%        8    #######
c - Blade Hands           Tmut           ######....   34%         5    ###....
d - Apportation           Tloc           ####..       9%          1    None
e - Summon Butterflies    Summ           ##......     75%         1    None
f - Dispel Undead         Necr           #####...     86%         5    ###....
g - Blink                 Tloc           N/A          14%         2    None

Your spell library contained the following spells:

 Spells                   Type           Power        Failure   Level  Hunger
 Beastly Appendage        Tmut           ######       1%          1    None
 Passwall                 Tmut/Erth      ######..     1%          2    None
 Animate Skeleton         Necr           N/A          5%          1    None
 Corpse Rot               Necr           N/A          9%          2    None
 Sublimation of Blood     Necr           #####.....   9%          2    None
 Gell's Gravitas          Tloc           ####......   28%         3    None
 Lesser Beckoning         Tloc           ####......   28%         3    None
 Stone Arrow              Conj/Erth      ####..       41%         3    None
 Shroud of Golubria       Chrm/Tloc      ###.......   45%         2    None
 Ignite Poison            Fire/Tmut/Pois ###.....     61%         3    None
 Regeneration             Chrm/Necr      ###.......   61%         3    None
 Borgnjor's Vile Clutch   Necr/Erth      #####.....   67%         5    ###....
 Portal Projectile        Hex/Tloc       ###...       71%         3    None
 Recall                   Summ/Tloc      N/A          71%         3    None
 Confusing Touch          Hex            ##....       75%         1    None
 Corona                   Hex            ##.....      75%         1    None
 Magic Dart               Conj           ##..         75%         1    None
 Summon Small Mammal      Summ           ##..         75%         1    None
 Leda's Liquefaction      Hex/Erth       ####......   83%         4    None
 Call Imp                 Summ           ##......     87%         2    None
 Ensorcelled Hibernation  Hex/Ice        ##....       87%         2    None
 Searing Ray              Conj           ##....       87%         2    None
 Slow                     Hex            ##......     87%         2    None
 Throw Frost              Conj/Ice       ##....       87%         2    None
 Hydra Form               Tmut           ######....   90%         6    #####..
 Statue Form              Tmut/Erth      ######...    94%         6    #####..
 Call Canine Familiar     Summ           ##......     98%         3    None
 Confuse                  Hex            ##......     98%         3    None
 Conjure Flame            Conj/Fire      ##......     98%         3    None
 Dazzling Spray           Conj/Hex       ##....       98%         3    None
 Inner Flame              Hex/Fire       ##......     98%         3    None
 Mephitic Cloud           Conj/Pois/Air  ##......     98%         3    None
 Summon Guardian Golem    Hex/Summ       ##......     98%         3    None
 Tukima's Dance           Hex            ##......     98%         3    None
 Force Lance              Conj/Tloc      ###.....     98%         4    None
 Alistair's Intoxication  Tmut/Pois      ####....     98%         5    ###....
 Irradiate                Conj/Tmut      ####......   98%         5    ###....
 Cause Fear               Hex            ##........   100%        4    None
 Fulminant Prism          Conj/Hex       ##........   100%        4    None
 Iskenderun's Mystic Bla  Conj           ##......     100%        4    None
 Summon Ice Beast         Ice/Summ       ##......     100%        4    None
 Summon Lightning Spire   Summ/Air       ##......     100%        4    None
 Aura of Abjuration       Summ           ##........   100%        5    ###....
 Excruciating Wounds      Chrm/Necr      ###.......   100%        5    ###....
 Silence                  Hex/Air        ##........   100%        5    ###....
 Summon Demon             Summ           ##........   100%        5    ###....
 Summon Forest            Summ/Tloc      ###.......   100%        5    ###....
 Summon Mana Viper        Hex/Summ       ##......     100%        5    ###....
 Bolt of Cold             Conj/Ice       ##........   100%        6    #####..
 Conjure Ball Lightning   Conj/Air       ##........   100%        6    #####..
 Darkness                 Hex            ##........   100%        6    #####..
 Deflect Missiles         Chrm/Air       ##........   100%        6    #####..
 Dispersal                Tloc           ####......   100%        6    #####..
 Invisibility             Hex            ##......     100%        6    #####..
 Iron Shot                Conj/Erth      ####......   100%        6    #####..
 Shadow Creatures         Summ           N/A          100%        6    #####..
 Dragon Form              Tmut           ######....   100%        7    ######.
 Haunt                    Necr/Summ      ###.......   100%        7    ######.
 Summon Hydra             Summ           ##........   100%        7    ######.
 Borgnjor's Revivificati  Necr           #####.....   100%        8    #######
 Controlled Blink         Tloc           N/A          100%        8    #######
 Death's Door             Chrm/Necr      ###.......   100%        8    #######
 Disjunction              Tloc           ####......   100%        8    #######
 Infestation              Necr           #####.....   100%        8    #######
 Tornado                  Air            ##........   100%        9    #######


Dungeon Overview and Level Annotations

Branches:
Dungeon (15/15)            Temple (1/1) D:4            Lair (6/6) D:9
 Shoals (4/4) Lair:2       Spider (4/4) Lair:3        Slime (5/5) Lair:5
    Orc (2/2) D:12            Elf (3/3) Orc:2        Vaults (4/5) D:13
  Crypt (0/3) Vaults:2     Depths (5/5) D:15            Zot (3/5) Depths:5

Altars:
Ashenzari
Cheibriados
Dithmenos
Elyvilon
Fedhas
Gozag
Hepliaklqana
Kikubaaqudgha
Makhleb
Nemelex Xobeh
Okawaru
Qazlal
Ru
Sif Muna
Trog
Uskayaw
Vehumet
Wu Jian
Xom
Yredelemnul
Zin
The Shining One
Beogh
Jiyva

Shops:
D:8 ?   D:9 }   D:10 [=   Orc:2 !(*?   Elf:1 (   Shoals:1 ([%%=   Vaults:4 *?[[
Depths:1 }=}   Depths:3 *[[?:*

Portals:
Hell: Depths:1 Depths:2 Depths:3 Depths:4 Depths:5
Abyss: Depths:3 Depths:4
Pandemonium: Depths:2 Depths:3 Depths:4 Depths:5
Ziggurat: Depths:4

Annotations:
D:1 exclusion: downstairs
D:8 exclusion: downstairs
D:10 exclusion: downstairs
Lair:4 exclusion: oklob plant
Spider:1 1 runed translucent door, Ikly's ghost, journeyman GrFi
Elf:2 3 runed translucent doors
Depths:4 3 runed translucent doors, exclusions: 2 daevas, 3 doors, 2 downstairs and 2 more exclusions, DrEnzyme's ghost, veteran CeHu
Depths:5 exclusion: obsidian statue


Innate Abilities, Weirdness & Mutations

You have a pair of large antennae on your head. (SInv)
You have claws for hands.
You have claws for feet.
You are robust. (+10% HP)
You are completely covered in sharp spines.
When hurt, damage is shared between your health and your magic reserves.
Your mind is very acute. (Int +4)
Your flesh is cold resistant. (rC+)
You are resistant to hostile enchantments. (MR+)
Your spells are a little easier to cast, but a little less powerful.


Message History

The wandering mushroom completely misses you.
The wandering mushroom barely misses you.
The deathcap draws from the surrounding life force!
* * * LOW HITPOINT WARNING * * *
The deathcap is healed.
The deathcap is struck by your spines.
The deathcap releases spores at you but does no damage.
The deathcap is struck by your spines. The deathcap closely misses you.
The yellow draconian hits you from afar with a +0 trident!
* * * LOW HITPOINT WARNING * * *
The wandering mushroom is struck by your spines.
The wandering mushroom closely misses you.
The deathcap draws from the surrounding life force!
* * * LOW HITPOINT WARNING * * *
The deathcap is healed.
The deathcap releases spores at you!
* * * LOW HITPOINT WARNING * * *
You are engulfed in a cloud of spores!
You are more confused.
The deathcap draws from the surrounding life force!
You die...
Your body rises from the dead as a mindless zombie.

##. ##.. #.
#...# #..
....# #...
#...##
#...#
#.!.###...#
#.zd#...#
#ff...#
##@f.##
#fff##
#...##
#...##
#...# #...#
....# ...#


You could see a yellow draconian, a curse toe, 4 deathcaps and 2 wandering
mushrooms.

Vanquished Creatures
  the Royal Jelly (Slime:5)
  An orb of fire (Zot:2)
  An ancient lich (Depths:3)
  Saint Roka (Depths:4)
  Jory (Depths:5)
  3 golden dragons
  the Enchantress (Depths:4)
  2 tentacled monstrosities
  An electric golem (Zot:2)
  5 liches
  A titan (Depths:3)
  2 quicksilver dragons (Zot:1)
  8 acid blobs
  A death cob (Zot:1)
  3 sphinxes
  2 shadow dragons
  2 storm dragons
  A tengu reaver (Depths:3)
  2 ghost moths
  4 azure jellies
  3 frost giants
  5 fire giants
  2 draconian scorchers
  8 vault wardens
  An iron dragon (Depths:3)
  2 draconian stormcallers (Zot:1)
  A draconian shifter (Zot:1)
  11 very ugly things
  11 stone giants
  A spriggan defender (Depths:4)
  5 ironheart preservers
  2 entropy weavers
  2 black draconians
  3 vampire knights (Depths:3)
  3 green draconians
  A yellow draconian (Zot:2)
  4 purple draconians (Zot:1)
  A deep elf demonologist (Elf:3)
  2 red draconians
  3 spark wasps
  5 ettins
  A white draconian (Zot:1)
  9 death oozes (Slime:5)
  11 yaktaur captains
  9 great orbs of eyes
  6 fire dragons
  A crystal guardian (Vaults:4)
  4 deep elf high priests
  5 ogre magi
  3 vault guards
  5 hydras
  7 ice dragons
  4 spriggan air magi
  5 rakshasas
  9 centaur warriors
  Erica (D:9)
  6 dancing weapons
  A death knight (D:15)
  13 two-headed ogres
  8 tengu warriors
  A vampire mage (Depths:3)
  4 deep troll shamans
  A shock serpent (shapeshifter) (Depths:3)
  An orc high priest (Orc:2)
  6 deep elf knights
  3 deep troll earth magi
  7 spriggan berserkers
  A large abomination (Elf:3)
  4 hell knights
  A shadow wraith (Vaults:4)
  A skeletal warrior (Vaults:2)
  2 salamander mystics (Depths:5)
  An iron troll (Depths:3)
  2 flayed ghosts
  6 deep trolls
  An unseen horror (D:9)
  3 glowing orange brains
  A swamp dragon (shapeshifter) (Elf:1)
  6 deep elf archers
  2 wizards (Depths:4)
  A phantasmal warrior (Vaults:4)
  8 harpies
  A lindwurm (Lair:4)
  3 ironbrand convokers
  An orange crystal statue (Depths:4)
  A harpy (shapeshifter) (Depths:1)
  4 orb spiders
  A necromancer (Depths:4)
  8 orc sorcerers
  10 orc knights
  28 wolf spiders
  A wolf spider zombie (D:15)
  24 deep elf magi
  A tengu skeleton (Depths:3)
  9 salamanders (Depths:5)
  A manticore (shapeshifter) (Depths:2)
  9 moths of wrath
  2 centaur zombies (D:14)
  6 elephants
  25 ugly things
  5 cyclopes
  A salamander (shapeshifter) (Vaults:1)
  2 black mambas
  A merfolk siren (Shoals:2)
  A manticore (D:15)
  A vault sentinel (Vaults:4)
  An eye of devastation (Slime:4)
  An orange demon (Depths:4)
  A gargoyle (D:14)
  2 ice statues (IceCv)
  3 rime drakes
  3 freezing wraiths
  7 spiny frogs
  39 yaktaurs
  12 demonic crawlers
  A yaktaur (shapeshifter) (Depths:5)
  A tormentor (Depths:5)
  2 efreet
  4 komodo dragons
  A tengu conjurer (Depths:3)
  A red devil (Depths:5)
  5 trolls
  3 meliai (Lair:4)
  A merfolk (Shoals:2)
  6 polar bears (Lair:6)
  A queen bee (Lair:4)
  A meliai (shapeshifter) (Depths:4)
  18 jumping spiders
  11 hornets
  A raiju (shapeshifter) (Vaults:4)
  7 hippogriffs
  29 slime creatures
  2 snapping turtles (Shoals:2)
  10 blink frogs
  7 dream sheep
  A meliai zombie (D:15)
  60 redbacks
  An air elemental (Elf:3)
  44 yaks
  13 spriggans
  2 shadows (D:15)
  5 water elementals
  A wraith (D:13)
  2 fire elementals
  22 tarantellas
  A ynoxinul (Depths:5)
  2 wyverns
  2 basilisks
  3 vampires
  A golden eye (shapeshifter) (Vaults:4)
  8 golden eyes
  2 hogs (Spider:4)
  A steam dragon (Lair:4)
  8 humans (D:13)
  3 hungry ghosts
  A chaos spawn (Depths:5)
  A vampire mosquito (D:14)
  A soldier ant (shapeshifter) (Vaults:3)
  2 soldier ants (D:8)
  11 water moccasins
  A water moccasin (shapeshifter) (Vaults:3)
  3 wargs
  An acid dragon (Vaults:2)
  9 porcupines
  A floating eye (Depths:4)
  24 orc warriors
  6 sky beasts
  19 ice beasts
  A meliai simulacrum (D:15)
  A necrophage (D:10)
  A phantom (D:6)
  2 eyes of draining
  3 black bears
  4 boggarts
  10 centaurs
  19 ogres
  30 wolves
  9 crocodiles
  22 bullfrogs
  A scorpion (D:12)
  27 killer bees
  15 wights
  7 howler monkeys
  3 electric eels
  A quasit (Depths:5)
  5 crimson imps
  6 hounds
  8 orc priests
  An iron imp (Depths:2)
  6 jellies
  22 orc wizards
  4 centaur skeletons
  2 bullfrog skeletons
  Terence (D:2)
  3 iguanas
  12 worker ants
  Robin (D:2)
  A worker ant zombie (D:11)
  16 adders
  10 gnolls
  A howler monkey skeleton (D:11)
  3 shadow imps
  12 white imps (Lair:1)
  2 oozes
  An adder zombie (D:9)
  A worm (D:8)
  4 dart slugs
  10 leopard geckos
  76 orcs
  6 ball pythons
  6 bats
  23 giant cockroaches
  21 goblins
  13 hobgoblins
  9 jackals
  5 kobolds
  A quokka (D:10)
  8 frilled lizards
  2 leopard gecko zombies
  9 rats
  2 butterflies (Lair:4)
  2 fungi (Elf:3)
  A plant (Lair:6)
1351 creatures vanquished.

Vanquished Creatures (collateral kills)
  A juggernaut (Depths:4)
  Frederick (Depths:4)
  Nikola (Shoals:1)
  A bone dragon (Depths:5)
  Arachne (Spider:3)
  An electric golem (Zot:2)
  3 deep elf blademasters (Elf:3)
  2 tentacled monstrosities
  2 liches
  A deep elf master archer (Elf:3)
  15 acid blobs
  A quicksilver dragon (Depths:3)
  A titan (Vaults:4)
  The ghost of cfbundy the Severer, an adept FoFi of the Shining One (Spider:3)
  Polyphemus (Shoals:2)
  4 sphinxes
  A death cob (Zot:1)
  Kirke (Spider:4)
  4 tengu reavers
  3 storm dragons
  2 draconian monks
  A shadow dragon (Depths:4)
  Ilsuiw (Shoals:2)
  9 fire giants
  6 azure jellies
  2 frost giants
  A draconian scorcher (Zot:2)
  3 ghost moths (Spider:4)
  An iron dragon (Depths:3)
  5 vault wardens
  The ghost of McIvan the Warrior, a journeyman HOMo of Beogh (Shoals:1)
  5 deep elf sorcerers (Elf:3)
  6 ironheart preservers
  5 emperor scorpions (Spider:4)
  5 deep elf elementalists
  3 spriggan defenders
  9 stone giants
  An entropy weaver (Vaults:3)
  A reaper (Depths:4)
  13 very ugly things
  A yellow draconian (Depths:5)
  4 deep elf demonologists
  2 green draconians
  A black draconian (Zot:2)
  2 white draconians
  6 deep elf annihilators
  9 spark wasps
  5 deep elf death magi
  A merfolk javelineer (Shoals:4)
  5 merfolk impalers
  8 ettins
  The ghost of Jeban the Spear-Bearer, a journeyman OpFi of Gozag (Lair:5)
  6 deep elf high priests
  6 great orbs of eyes
  8 fire dragons
  7 ogre magi
  A rakshasa (Vaults:3)
  2 vault guards
  9 yaktaur captains
  7 hydras
  3 spriggan air magi
  3 ice dragons
  3 merfolk avatars
  4 centaur warriors
  A satyr (Shoals:3)
  A catoblepas (Shoals:2)
  4 tengu warriors
  2 merfolk aquamancers
  18 two-headed ogres
  7 dancing weapons
  A deep troll shaman (Depths:2)
  7 spriggan berserkers
  3 death yaks (Shoals:2)
  3 vampire magi (Depths:3)
  An orc high priest (Elf:2)
  A deep troll earth mage (D:15)
  9 deep elf knights
  8 hell knights
  A skeletal warrior (D:15)
  An iron troll (Depths:3)
  A salamander mystic (Depths:5)
  9 sea snakes
  3 deep trolls
  A glowing orange brain (Depths:2)
  3 unseen horrors
  An infernal demonspawn (Depths:4)
  3 wizards
  2 necromancers (Depths:3)
  6 ironbrand convokers
  A phantasmal warrior (D:15)
  29 deep elf magi
  7 deep elf archers
  An ugly thing zombie (Depths:2)
  2 shining eyes (Slime:5)
  12 orc knights
  22 orb spiders
  4 salamanders
  14 wolf spiders
  25 ugly things
  4 manticores
  A salamander (shapeshifter) (Vaults:2)
  A frost giant zombie (Depths:4)
  2 orc sorcerers
  11 harpies
  A tengu skeleton (Depths:3)
  10 cyclopes
  3 elephants (Lair:6)
  An elephant (shapeshifter) (Vaults:4)
  3 moths of wrath
  2 fauns (Shoals:2)
  A black mamba (shapeshifter) (Depths:2)
  An elf zombie (Depths:3)
  7 merfolk sirens
  A frost giant skeleton (Depths:3)
  3 water nymphs
  3 centaur skeletons
  2 torpor snails
  8 vault sentinels
  A gargoyle (D:14)
  An orange demon (Depths:4)
  A spiny frog (Lair:5)
  A tengu conjurer (Depths:2)
  4 demonic crawlers
  A redback zombie (Spider:1)
  A rime drake (shapeshifter) (Depths:1)
  An ice devil (Depths:4)
  2 komodo dragons
  28 yaktaurs
  2 elf skeletons (Depths:3)
  2 freezing wraiths
  19 jumping spiders
  13 merfolk
  A jumping spider (shapeshifter) (Vaults:3)
  6 trolls
  2 polar bears (Lair:6)
  6 hornets
  2 wind drakes (Shoals:2)
  A deep troll zombie (Depths:4)
  A raiju (shapeshifter) (Vaults:3)
  27 slime creatures
  6 snapping turtles
  A slime creature (shapeshifter) (Vaults:4)
  A spriggan zombie (Depths:4)
  A blink frog (Lair:5)
  An ettin zombie (Depths:4)
  13 dream sheep
  A fire giant simulacrum (Depths:3)
  2 hippogriffs (D:15)
  8 water elementals
  25 redbacks
  9 spriggans
  23 tarantellas
  A spriggan (shapeshifter) (Vaults:1)
  An air elemental (Elf:2)
  3 hogs (Spider:4)
  5 yaks
  2 fire elementals
  A yak (shapeshifter) (Depths:4)
  An ettin skeleton (Depths:3)
  A wraith (D:15)
  2 vampire mosquitoes (D:15)
  A chaos spawn (Depths:5)
  10 golden eyes
  4 wargs
  2 human zombies (Depths:4)
  A soldier ant (D:15)
  An acid dragon (D:15)
  3 water moccasins
  A sky beast (D:14)
  4 wolves
  A boggart (shapeshifter) (Depths:4)
  16 orc warriors
  5 boggarts
  24 ogres
  3 crocodiles
  A bullfrog (D:14)
  4 earth elementals
  4 killer bees
  2 electric eels
  A howler monkey (D:12)
  A hound (D:10)
  A jelly (D:10)
  2 orc priests (Orc:2)
  An iguana (D:14)
  9 orc wizards
  An adder (D:12)
  24 orcs
  2 bushes (Lair:6)
  2 crawling corpses (Elf:3)
  18 fungi
  11 plants
900 creatures vanquished.

Vanquished Creatures (others)
  6 profane servitors
  4 bone dragons
  13 ghouls
  A spectral fire dragon (Depths:1)
  6 vampire knights
  4 very ugly thing zombies
  A quicksilver dragon zombie (Zot:1)
  3 yaktaur captains
  A demigod zombie (Depths:4)
  A spectral entropy weaver (Elf:3)
  A deep elf knight (Vaults:3)
  A spriggan (Depths:4)
  10 skeletal warriors
  2 storm dragon zombies (Zot:2)
  5 flayed ghosts
  2 spark wasp zombies (Depths:5)
  11 phantasmal warriors
  A golden dragon zombie (Zot:2)
  A deep troll (Depths:3)
  3 wolf spider zombies
  A tengu zombie (Depths:4)
  5 ugly thing zombies
  A fire giant zombie (Depths:5)
  A purple draconian zombie (Zot:1)
  4 redback zombies
  2 black draconian zombies (Zot:2)
  8 yaktaurs
  An iron troll skeleton (Depths:3)
  A jumping spider (Spider:4)
  A hornet (Depths:4)
  2 spriggan zombies (Depths:5)
  3 tarantella zombies
  2 ettin zombies (Depths:3)
  3 fire dragon zombies
  5 flying skulls
  13 vampires
  A wraith (Orc:2)
  2 humans (D:13)
  2 two-headed ogre zombies (Orc:2)
  2 human zombies (Depths:4)
  2 orb spider zombies
  4 deep troll skeletons (Depths:3)
  2 hornet zombies (Spider:3)
  A dream sheep zombie (Lair:5)
  A hippogriff zombie (Lair:2)
  5 salamander zombies (Depths:5)
  10 yaktaur zombies
  A killer bee (Lair:4)
  4 wights
  2 ogre zombies (Orc:2)
  An acid dragon zombie (Vaults:2)
  A mummy (IceCv)
  An orc zombie (Vaults:1)
  4 orcs
  2 bushes (Lair:2)
  A demonic plant (Gauntlet)
  11 fungi
  7 plants
  2 withered plants (Spider:1)
199 creatures vanquished.

Grand Total: 2450 creatures vanquished

Notes
Turn   | Place    | Note
-------+----------+-------------------------------------------
     0 | D:1      | DrEnzyme the Demonspawn Artificer began the quest for the
                  | Orb.
     0 | D:1      | Reached XP level 1. HP: 15/15 MP: 3/3
   379 | D:1      | Gained mutation: You have a pair of small antennae on your
                  | head. [demonic ancestry]
   379 | D:1      | Reached XP level 2. HP: 19/21 MP: 4/4
   724 | D:1      | Reached skill level 1 in Unarmed Combat
  1003 | D:1      | Gained mutation: You have sharp toenails. [demonic
                  | ancestry]
  1003 | D:1      | Reached XP level 3. HP: 26/26 MP: 5/5
  1378 | D:2      | Reached skill level 2 in Unarmed Combat
  1587 | D:2      | Noticed Terence
  1615 | D:2      | HP: 1/27 [Terence/+0 flail (9)]
  1925 | D:2      | Found a faded altar of an unknown god.
  1965 | D:2      | Gained mutation: You have razor-sharp toenails. [demonic
                  | ancestry]
  1965 | D:2      | Reached XP level 4. HP: 27/33 MP: 6/6
  2699 | D:2      | Noticed Robin
  2918 | D:2      | Killed Robin
  3040 | D:2      | Killed Terence
  3040 | D:2      | Reached skill level 3 in Unarmed Combat
  3040 | D:2      | Gained mutation: You are partially covered in sharp spines.
                  | [demonic ancestry]
  3040 | D:2      | Reached XP level 5. HP: 7/39 MP: 7/7
  3623 | D:3      | Found a bloodstained altar of Trog.
  3995 | D:3      | Reached skill level 1 in Armour
  3995 | D:3      | Gained mutation: You are mostly covered in sharp spines.
                  | [demonic ancestry]
  3995 | D:3      | Reached XP level 6. HP: 47/47 MP: 8/8
  4570 | D:4      | Found a staircase to the Ecumenical Temple.
  4589 | Temple   | Entered the Ecumenical Temple
  4681 | Temple   | Became a worshipper of Yredelemnul the Dark
  5368 | D:5      | Entered Level 5 of the Dungeon
  5423 | D:5      | Reached skill level 4 in Unarmed Combat
  5423 | D:5      | Reached XP level 7. HP: 8/55 MP: 9/9
  5899 | D:5      | Found a glowing drain.
  5910 | Sewer    | Entered a sewer
  6075 | Sewer    | Reached * piety under Yredelemnul
  6132 | Sewer    | Reached skill level 5 in Unarmed Combat
  6342 | D:5      | Gained mutation: You have sharp fingernails. [demonic
                  | ancestry]
  6342 | D:5      | Reached XP level 8. HP: 55/61 MP: 10/10
  6813 | D:6      | Reached skill level 6 in Unarmed Combat
  7447 | D:6      | Found a deep blue altar of Sif Muna.
  7608 | D:6      | Found an opulent altar of Gozag.
  7630 | D:6      | Reached skill level 7 in Unarmed Combat
  8150 | D:7      | Found a glowing golden altar of the Shining One.
  8178 | D:7      | Gained mutation: When hurt, damage is shared between your
                  | health and your magic reserves. [demonic ancestry]
  8178 | D:7      | Reached XP level 9. HP: 67/67 MP: 11/11
  8520 | D:7      | Reached skill level 8 in Unarmed Combat
  8586 | D:7      | Reached ** piety under Yredelemnul
  8589 | D:7      | Reached skill level 5 in Armour
  8811 | D:8      | Reached skill level 5 in Fighting
  8814 | D:8      | Found a radiant altar of Vehumet.
  9048 | D:8      | Found Dogg's Magic Scroll Emporium.
  9054 | D:8      | Bought a scroll of enchant armour for 90 gold pieces
  9054 | D:8      | Bought a scroll of identify for 24 gold pieces
  9054 | D:8      | Bought a scroll of identify for 24 gold pieces
  9054 | D:8      | Bought a scroll of identify for 24 gold pieces
  9054 | D:8      | Bought a scroll of blinking for 90 gold pieces
  9235 | D:8      | Reached skill level 9 in Unarmed Combat
  9499 | D:8      | Found a sparkling altar of Nemelex Xobeh.
  9724 | D:8      | Found a glowing silver altar of Zin.
 10043 | D:9      | Noticed a two-headed ogre
 10143 | D:9      | Noticed Erica
 10150 | D:9      | Killed Erica
 10150 | D:9      | Reached skill level 10 in Unarmed Combat
 10190 | D:9      | Gained mutation: You are completely covered in sharp
                  | spines. [demonic ancestry]
 10190 | D:9      | Reached XP level 10. HP: 74/74 MP: 12/12
 10412 | D:9      | Found a staircase to the Lair.
 10414 | D:9      | You fall through a shaft!
 10414 | D:10     | Entered Level 10 of the Dungeon
 10445 | D:10     | Found Famoseigu's Jewellery Shop.
 11025 | Lair:1   | Entered Level 1 of the Lair of Beasts
 11095 | Lair:1   | Noticed a spiny frog
 11107 | Lair:1   | Killed a spiny frog
 11211 | Lair:1   | Found a gate leading to a gauntlet.
 11227 | Gauntlet | Entered a Gauntlet
 11227 | Gauntlet | Found a transporter.
 11227 | Gauntlet | Found a transporter.
 11227 | Gauntlet | Found a runed translucent gate.
 11227 | Gauntlet | Found a runed translucent gate.
 11227 | Gauntlet | Found a runed translucent gate.
 11227 | Gauntlet | Noticed a sixfirhy
 11229 | Gauntlet | Found a transporter.
 11230 | Gauntlet | Found a transporter.
 11249 | Gauntlet | Found a transporter.
 11258 | Gauntlet | Found a transporter.
 11261 | Gauntlet | Found a transporter.
 11269 | Gauntlet | Found a transporter.
 11286 | Gauntlet | Found a transporter.
 11304 | Gauntlet | Found a transporter.
 11305 | Gauntlet | Found a transporter.
 11305 | Gauntlet | Noticed a hell hog
 11313 | Gauntlet | Found a transporter.
 11384 | Lair:1   | Reached skill level 11 in Unarmed Combat
 11564 | Lair:1   | Found a frozen archway.
 11569 | Lair:1   | Reached *** piety under Yredelemnul
 11591 | IceCv    | Entered an ice cave
 11815 | IceCv    | Reached XP level 11. HP: 71/80 MP: 11/13
 11829 | IceCv    | Received a gift from Yredelemnul (a mummy)
 12330 | IceCv    | Reached skill level 12 in Unarmed Combat
 12612 | IceCv    | Noticed an ice dragon
 12612 | IceCv    | Noticed an ice dragon
 12637 | IceCv    | Killed an ice dragon
 12653 | IceCv    | Killed an ice dragon
 12973 | D:9      | Killed a two-headed ogre
 13059 | D:10     | Bought a +6 ring of evasion for 858 gold pieces
 13192 | D:9      | Reached skill level 13 in Unarmed Combat
 13349 | D:9      | Reached **** piety under Yredelemnul
 13550 | D:9      | Noticed an unseen horror
 13557 | D:9      | Killed an unseen horror
 13558 | D:9      | Received a gift from Yredelemnul (a wight)
 13736 | D:9      | Found Vuoj's Gadget Shoppe.
 14352 | D:10     | You fall through a shaft for 3 floors!
 14398 | D:13     | Noticed a seven-headed hydra
 14404 | D:13     | Killed a seven-headed hydra
 14565 | D:13     | Received a gift from Yredelemnul (a wight)
 14597 | D:13     | Noticed a six-headed hydra
 14600 | D:13     | Noticed a centaur warrior
 14605 | D:13     | Killed a six-headed hydra
 14605 | D:13     | Reached skill level 14 in Unarmed Combat
 14605 | D:13     | Gained mutation: You have very sharp fingernails. [demonic
                  | ancestry]
 14605 | D:13     | Reached XP level 12. HP: 86/86 MP: 12/14
 14608 | D:13     | Killed a centaur warrior
 14835 | D:13     | Noticed a tengu warrior
 14835 | D:13     | Noticed an eight-headed hydra
 14835 | D:13     | Noticed a tengu warrior
 15078 | D:13     | Noticed a vault guard
 15081 | D:13     | Noticed a vault guard
 15091 | D:13     | Killed a vault guard
 15101 | D:13     | Killed a vault guard
 15254 | D:13     | Killed a tengu warrior
 15257 | D:13     | Killed a tengu warrior
 15319 | D:13     | Received a gift from Yredelemnul (a wight)
 15547 | D:13     | Reached skill level 15 in Unarmed Combat
 16560 | Lair:2   | Received a gift from Yredelemnul (a wight)
 16617 | Lair:2   | Found a staircase to the Shoals.
 17245 | Lair:3   | Found a hole to the Spider Nest.
 17671 | Lair:3   | Gained mutation: You have claws for hands. [demonic
                  | ancestry]
 17671 | Lair:3   | Reached XP level 13. HP: 93/93 MP: 15/15
 18070 | Lair:4   | Reached skill level 1 in Invocations
 18073 | Lair:4   | Reached ***** piety under Yredelemnul
 18171 | Lair:4   | You fall through a shaft for 2 floors!
 18171 | Lair:6   | Entered Level 6 of the Lair of Beasts
 18200 | Lair:6   | Reached skill level 16 in Unarmed Combat
 18218 | Lair:5   | Found a viscous altar of Jiyva.
 18218 | Lair:5   | Found a staircase to the Slime Pits.
 18287 | Lair:5   | Found a bloodstained altar of Trog.
 18287 | Lair:5   | Identified the cursed +1 spear of Doors {drain, rF+}
 18301 | Lair:5   | Found a transporter.
 18303 | Lair:5   | Found a transporter.
 18382 | Lair:4   | Received a gift from Yredelemnul (a vampire)
 18406 | Lair:4   | Reached skill level 10 in Armour
 19062 | Lair:5   | Reached skill level 5 in Dodging
 19278 | Lair:5   | Received a gift from Yredelemnul (a vampire)
 19367 | Lair:5   | Received a gift from Yredelemnul (a wraith)
 19661 | Lair:6   | Received a gift from Yredelemnul (5 flying skulls)
 19713 | Lair:6   | Reached skill level 17 in Unarmed Combat
 19787 | Lair:6   | Received a gift from Yredelemnul (a skeletal warrior)
 19843 | Lair:6   | Reached XP level 14. HP: 75/101 MP: 11/16
 20195 | Lair:6   | Received a gift from Yredelemnul (a skeletal warrior)
 21095 | D:10     | Found Voyt's Antique Armour Shoppe.
 21864 | D:11     | Reached ****** piety under Yredelemnul
 22121 | D:11     | Received a gift from Yredelemnul (a phantasmal warrior)
 22696 | D:12     | Received a gift from Yredelemnul (a flayed ghost)
 22743 | D:12     | Received a gift from Yredelemnul (a vampire knight)
 22800 | D:12     | Found a staircase to the Orcish Mines.
 22838 | Orc:1    | Entered Level 1 of the Orcish Mines
 23112 | Orc:1    | Found a burning altar of Makhleb.
 23295 | Orc:2    | Entered Level 2 of the Orcish Mines
 23297 | Orc:2    | Received a gift from Yredelemnul (a vampire knight)
 23330 | Orc:2    | Found a runed translucent door.
 23358 | Orc:2    | Received a gift from Yredelemnul (a phantasmal warrior)
 23367 | Orc:2    | Found a roughly hewn altar of Beogh.
 23551 | Orc:2    | Found Bashrept's Magic Scroll Emporium.
 23551 | Orc:2    | Found Nuppu's Weapon Boutique.
 23552 | Orc:2    | Found Dyci's Assorted Antiques.
 23552 | Orc:2    | Found Fucolyics's Distillery.
 23564 | Orc:2    | Reached skill level 18 in Unarmed Combat
 23567 | Orc:2    | Received a gift from Yredelemnul (a phantasmal warrior)
 23591 | Orc:2    | Received a gift from Yredelemnul (a skeletal warrior)
 23617 | Orc:2    | Bought a scroll of enchant armour for 97 gold pieces
 23617 | Orc:2    | Bought a scroll of enchant armour for 97 gold pieces
 23617 | Orc:2    | Bought a scroll of enchant armour for 97 gold pieces
 23763 | Orc:2    | Found a staircase to the Elven Halls.
 24164 | Orc:2    | Learned a level 6 spell: Statue Form
 24321 | D:10     | Bought the ring "Sasip" {rPois MR+++ Str-4 Slay+6} for 605
                  | gold pieces
 24475 | Orc:2    | Bought a potion of experience for 750 gold pieces
 24475 | Orc:2    | Bought 2 potions of heal wounds for 150 gold pieces
 24475 | Orc:2    | Bought a potion of curing for 45 gold pieces
 24475 | Orc:2    | Bought a potion of curing for 45 gold pieces
 24475 | Orc:2    | Reached skill level 1 in Spellcasting
 24475 | Orc:2    | Reached skill level 1 in Transmutations
 24475 | Orc:2    | Reached skill level 1 in Earth Magic
 24475 | Orc:2    | Gained mutation: You have a pair of antennae on your head.
                  | [demonic ancestry]
 24475 | Orc:2    | Reached XP level 15. HP: 108/108 MP: 18/18
 24688 | Spider:1 | Entered Level 1 of the Spider Nest
 24958 | Spider:1 | Found a runed translucent door.
 24960 | Spider:1 | Noticed Ikly's ghost (journeyman GrFi)
 24961 | Spider:1 | Found the +7 Singing Sword {slice, sonic wave}
 25164 | Spider:1 | Received a gift from Yredelemnul (a ghoul)
 25283 | Spider:1 | Received a gift from Yredelemnul (a ghoul)
 25710 | Spider:1 | Reached XP level 16. HP: 115/115 MP: 20/20
 25743 | Spider:1 | Received a gift from Yredelemnul (a ghoul)
 26028 | Spider:1 | Received a gift from Yredelemnul (a bone dragon)
 26485 | Spider:2 | Gained mutation: Your body sometimes deteriorates upon
                  | taking damage. [potion of mutation]
 26485 | Spider:2 | Gained mutation: You are robust. (+10% HP) [potion of
                  | mutation]
 26683 | Spider:2 | Reached skill level 5 in Invocations
 27358 | Spider:2 | Received a gift from Yredelemnul (a phantasmal warrior)
 27861 | Spider:3 | Found a runed translucent gate.
 27861 | Spider:3 | Found a runed translucent gate.
 27863 | Spider:3 | Found a runed translucent gate.
 27863 | Spider:3 | Noticed cfbundy's ghost (adept FoFi)
 27952 | Spider:3 | Received a gift from Yredelemnul (a vampire)
 27955 | Spider:3 | Killed cfbundy's ghost
 28187 | Spider:3 | Received a gift from Yredelemnul (a vampire knight)
 28239 | Spider:3 | Noticed Arachne
 28267 | Spider:3 | Killed Arachne
 28274 | Spider:3 | Received a gift from Yredelemnul (a skeletal warrior)
 28985 | Spider:4 | Entered Level 4 of the Spider Nest
 29025 | Spider:4 | Reached skill level 5 in Earth Magic
 29070 | Spider:4 | Reached skill level 19 in Unarmed Combat
 29179 | Spider:4 | Received a gift from Yredelemnul (a phantasmal warrior)
 29457 | Spider:4 | Noticed Kirke
 29473 | Spider:4 | Noticed a sphinx
 29473 | Spider:4 | Killed Kirke
 29805 | Spider:4 | Reached skill level 5 in Spellcasting
 29805 | Spider:4 | Reached skill level 5 in Transmutations
 29871 | Spider:4 | Reached XP level 17. HP: 111/134 MP: 10/24
 30075 | Spider:4 | Received a gift from Yredelemnul (a profane servitor)
 30088 | Spider:4 | Got a gossamer rune of Zot
 30331 | Spider:4 | Lost mutation: You are robust. (+10% HP) [potion of
                  | mutation]
 30331 | Spider:4 | Lost mutation: Your body sometimes deteriorates upon taking
                  | damage. [potion of mutation]
 30331 | Spider:4 | Gained mutation: Scrolls take you a little longer to read.
                  | [potion of mutation]
 30331 | Spider:4 | Gained mutation: You have a pair of large antennae on your
                  | head. (SInv) [potion of mutation]
 30332 | Spider:4 | Lost mutation: Scrolls take you a little longer to read.
                  | [potion of mutation]
 30332 | Spider:4 | Gained mutation: Your mind is acute. (Int +2) [potion of
                  | mutation]
 30332 | Spider:4 | Gained mutation: Your spells are a little easier to cast,
                  | but a little less powerful. [potion of mutation]
 30332 | Spider:4 | Gained mutation: You are resistant to hostile enchantments.
                  | (MR+) [potion of mutation]
 30332 | Spider:4 | Gained mutation: Your flesh is cold resistant. (rC+)
                  | [potion of mutation]
 31078 | D:13     | Received a gift from Yredelemnul (a flayed ghost)
 31176 | D:13     | Found a gate to the Vaults.
 31657 | D:14     | Received a gift from Yredelemnul (a vampire knight)
 31939 | D:14     | Received a gift from Yredelemnul (a ghoul)
 32289 | D:15     | Entered Level 15 of the Dungeon
 32354 | D:15     | Reached skill level 1 in Shields
 32416 | D:15     | Received a gift from Yredelemnul (a skeletal warrior)
 32507 | D:15     | Found an iron altar of Okawaru.
 32508 | D:15     | Found an iron altar of Okawaru.
 32508 | D:15     | Found a shadowy altar of Dithmenos.
 32736 | D:15     | Received a gift from Yredelemnul (a bone dragon)
 33005 | D:15     | Received a gift from Yredelemnul (a skeletal warrior)
 33170 | D:15     | Received a gift from Yredelemnul (a vampire)
 33323 | D:15     | Received a gift from Yredelemnul (a flayed ghost)
 33619 | D:15     | Found a staircase to the Depths.
 34317 | Lair:2   | Identified the cursed +0 chain mail of Surprise {*Slow
                  | rPois Regen+ MP+9} (You found it on level 2 of the Lair of
                  | Beasts)
 34436 | Lair:5   | Identified the +7 chain mail "Moam" {rF++ Int+3 SInv} (You
                  | found it on level 5 of the Lair of Beasts)
 34475 | Lair:5   | Noticed Jeban's ghost (journeyman OpFi)
 34479 | Lair:5   | Killed Jeban's ghost
 34649 | Shoals:1 | Entered Level 1 of the Shoals
 34663 | Shoals:1 | Noticed Nikola
 34667 | Shoals:1 | Received a gift from Yredelemnul (a vampire)
 34676 | Shoals:1 | Killed Nikola
 34691 | Shoals:1 | Found Koll's Jewellery Shoppe.
 34760 | Shoals:1 | Found a runed translucent gate.
 34760 | Shoals:1 | Found a runed translucent gate.
 34760 | Shoals:1 | Found a runed translucent gate.
 34767 | Shoals:1 | Found Plog's Food Emporium.
 34768 | Shoals:1 | Noticed McIvan's ghost (journeyman HOMo)
 34829 | Shoals:1 | Killed McIvan's ghost
 34830 | Shoals:1 | Received a gift from Yredelemnul (a vampire)
 34866 | Shoals:1 | Found Gulankurph's Antique Armour Boutique.
 34883 | Shoals:1 | Bought a pair of ancient boots for 361 gold pieces
 34888 | Shoals:1 | Identified the +1 pair of boots of a Million Songs {rC+ MR+
                  | Str+4} (You bought it in a shop on level 1 of the Shoals)
 34906 | Shoals:1 | Found Xeirocupu's Antique Weapon Boutique.
 34913 | Shoals:1 | Received a gift from Yredelemnul (a vampire)
 34968 | Shoals:1 | Gained mutation: You are robust. (+10% HP) [demonic
                  | ancestry]
 34968 | Shoals:1 | Reached XP level 18. HP: 122/141 MP: 28/28
 35079 | Shoals:1 | Found Caunt's Food Emporium.
 35418 | Shoals:2 | Noticed Polyphemus
 35422 | Shoals:2 | Noticed Ilsuiw
 35434 | Shoals:2 | Killed Ilsuiw
 35435 | Shoals:2 | Killed Polyphemus
 36240 | Shoals:3 | Received a gift from Yredelemnul (a ghoul)
 36244 | Shoals:4 | Entered Level 4 of the Shoals
 36273 | Shoals:4 | Reached skill level 20 in Unarmed Combat
 36321 | Shoals:4 | Got a barnacled rune of Zot
 36457 | Shoals:3 | Received a gift from Yredelemnul (a vampire)
 36690 | Elf:1    | Entered Level 1 of the Elven Halls
 37002 | Elf:2    | Found a runed translucent gate.
 37003 | Elf:2    | Found a runed translucent gate.
 37004 | Elf:2    | Found a runed translucent gate.
 37007 | Elf:3    | Entered Level 3 of the Elven Halls
 37254 | Elf:3    | Received a gift from Yredelemnul (a phantasmal warrior)
 37615 | Elf:3    | Received a gift from Yredelemnul (a ghoul)
 38120 | Elf:3    | Found the +5 demon whip "Spellbinder" {antimagic, MR+}
 38149 | Elf:3    | Identified the Guide on Dusty Changing
 38152 | Elf:3    | Got an ancient golden ring
 38153 | Elf:3    | Identified the ring "Weklaepecs" {Ice *Corrode rElec Str+2}
                  | (You found it on level 3 of the Elven Halls)
 38170 | Elf:3    | Identified the Disquisition on Gliding Stolen Souls
 38177 | Elf:3    | Identified the amulet "Toc Hyhod" {RegenMP Dex-5 SInv
                  | Stlth+}
 38262 | Elf:3    | Got a pitted iron ring
 38263 | Elf:3    | Identified the ring of Damasugu {+Fly rF+ rN+ Int+7 Dex-3}
                  | (You found it on level 3 of the Elven Halls)
 38350 | Elf:3    | Identified the Almanac of the Glacier and Weightlessness
 38642 | Elf:2    | Received a gift from Yredelemnul (a skeletal warrior)
 39443 | Elf:1    | Received a gift from Yredelemnul (a ghoul)
 39475 | Elf:1    | Mutation became permanent: You have a pair of antennae on
                  | your head. [demonic ancestry]
 39475 | Elf:1    | Gained mutation: You have a pair of large antennae on your
                  | head. (SInv) [demonic ancestry]
 39475 | Elf:1    | Reached XP level 19. HP: 124/149 MP: 26/31
 39839 | Elf:1    | Found Upsioc Quzxo's Weapon Shop.
 40500 | Vaults:1 | Entered Level 1 of the Vaults
 40554 | Vaults:1 | Received a gift from Yredelemnul (a ghoul)
 40748 | Vaults:1 | Received a gift from Yredelemnul (a phantasmal warrior)
 42335 | Vaults:2 | Received a gift from Yredelemnul (a vampire)
 42376 | Vaults:2 | You fall through a shaft for 2 floors!
 42580 | Vaults:4 | Found Xegix's Magic Scroll Emporium.
 42785 | Vaults:3 | Received a gift from Yredelemnul (a phantasmal warrior)
 42873 | Vaults:3 | Received a gift from Yredelemnul (a ghoul)
 43158 | Vaults:3 | Received a gift from Yredelemnul (a vampire)
 43806 | Vaults:3 | Received a gift from Yredelemnul (a ghoul)
 44174 | Vaults:3 | Reached skill level 21 in Unarmed Combat
 44724 | Vaults:3 | Received a gift from Yredelemnul (a phantasmal warrior)
 44792 | Vaults:3 | Noticed Xtahua
 44800 | Vaults:3 | Killed Xtahua
 44800 | Vaults:3 | Enslaved Xtahua
 45288 | Vaults:2 | Reached XP level 20. HP: 157/157 MP: 33/33
 45352 | Vaults:2 | Found a staircase to the Crypt.
 45352 | Vaults:2 | Found an ancient bone altar of Kikubaaqudgha.
 45353 | Vaults:2 | Found a basalt altar of Yredelemnul.
 45511 | Vaults:2 | Received a gift from Yredelemnul (a vampire)
 45924 | Vaults:2 | Received a gift from Yredelemnul (a vampire knight)
 46448 | Vaults:2 | Got a steaming lead ring
 46958 | Depths:1 | Entered Level 1 of the Depths
 47013 | Depths:1 | Received a gift from Yredelemnul (a phantasmal warrior)
 47014 | Depths:1 | Your ally Xtahua died
 47078 | Depths:1 | Learned a level 8 spell: Necromutation
 47288 | Depths:1 | Reached skill level 1 in Necromancy
 47626 | Depths:1 | Received a gift from Yredelemnul (a profane servitor)
 47637 | Depths:1 | Received a gift from Yredelemnul (a bone dragon)
 48026 | Depths:1 | Found Ehyesedime's Gadget Boutique.
 48026 | Depths:1 | Found Tuifod's Jewellery Emporium.
 48027 | Depths:1 | Found Busch's Gadget Boutique.
 48066 | Depths:1 | Reached skill level 10 in Spellcasting
 48084 | Depths:1 | Identified the ring "Selynluz" {rElec Stlth+} (You found it
                  | on level 2 of the Vaults)
 48304 | Depths:1 | Found a gateway to Hell.
 48419 | Depths:2 | Received a gift from Yredelemnul (a flayed ghost)
 49117 | Depths:2 | Found a one-way gate leading to the halls of Pandemonium.
 49132 | Depths:2 | Reached skill level 10 in Transmutations
 49415 | Depths:2 | Received a gift from Yredelemnul (a profane servitor)
 49917 | Depths:2 | Reached XP level 21. HP: 106/165 MP: 30/35
 50143 | Depths:2 | Received a gift from Yredelemnul (a vampire)
 51025 | Vaults:4 | Bought a scroll of enchant armour for 135 gold pieces
 51274 | Vaults:4 | Reached skill level 5 in Necromancy
 51509 | Vaults:4 | Reached skill level 22 in Unarmed Combat
 51949 | Vaults:4 | Found Nuuvvana's Antique Armour Shop.
 51949 | Vaults:4 | Found Subicoko's Armour Shop.
 51975 | Vaults:4 | Found Bucw's General Store.
 52006 | Vaults:4 | Bought a scroll of enchant armour for 135 gold pieces
 52156 | Vaults:4 | Bought a potion of mutation for 144 gold pieces
 53040 | Slime:1  | Entered Level 1 of the Pits of Slime
 53614 | Slime:4  | Reached skill level 5 in Shields
 53628 | Slime:5  | Entered Level 5 of the Pits of Slime
 53633 | Slime:5  | Received a gift from Yredelemnul (a vampire knight)
 53928 | Slime:5  | Received a gift from Yredelemnul (a skeletal warrior)
 54437 | Slime:5  | Noticed the Royal Jelly
 54461 | Slime:5  | Killed the Royal Jelly
 54461 | Slime:5  | Received a gift from Yredelemnul (a profane servitor)
 54882 | Slime:5  | Got a faintly glowing golden amulet
 54886 | Slime:5  | Identified the amulet of Pyakuoscha {Spirit Str+2 Slay+3}
                  | (You found it on level 5 of the Pits of Slime)
 54903 | Slime:5  | Identified a scroll of acquirement
 54986 | Slime:5  | Got a slimy rune of Zot
 55049 | Slime:5  | Got a pair of heavily runed boots
 55060 | Slime:5  | Identified the +0 pair of boots of Infinity {rPois Int+5
                  | Dex+4} (You acquired it on level 5 of the Pits of Slime)
 55077 | Slime:5  | Learned a level 5 spell: Blade Hands
 55079 | Slime:5  | Learned a level 1 spell: Apportation
 55081 | Slime:5  | Learned a level 1 spell: Summon Butterflies
 55087 | Slime:5  | Learned a level 5 spell: Dispel Undead
 55094 | Slime:5  | Learned a level 2 spell: Blink
 55797 | Depths:3 | Reached skill level 1 in Translocations
 55885 | Depths:3 | Found Ujupa's Book Boutique.
 56299 | Depths:3 | Found a one-way gate to the infinite horrors of the Abyss.
 56625 | Depths:3 | Gained mutation: You have claws for feet. [demonic
                  | ancestry]
 56625 | Depths:3 | Reached XP level 22. HP: 126/172 MP: 25/37
 56797 | Depths:3 | Found Kirus's Blood Bar.
 56850 | Depths:3 | Received a gift from Yredelemnul (a ghoul)
 57623 | Depths:3 | Received a gift from Yredelemnul (a ghoul)
 58294 | Depths:3 | Noticed an ancient lich
 58319 | Depths:3 | Killed an ancient lich
 58525 | Depths:3 | Received a gift from Yredelemnul (a profane servitor)
 58588 | Depths:3 | Found Caycoone's Antique Armour Shoppe.
 58588 | Depths:3 | Found Gitugoga's Assorted Antiques.
 58588 | Depths:3 | Found Xuochi's Magic Scroll Shop.
 58588 | Depths:3 | Found Buz Cou's Antique Armour Emporium.
 58601 | Depths:3 | Bought a scroll of acquirement for 676 gold pieces
 58602 | Depths:3 | Got a translucent large shield
 58613 | Depths:3 | Identified the +0 large shield "Jizir" {rF+ Str+4 Stlth+}
                  | (You acquired it on level 3 of the Depths)
 58675 | Depths:3 | Bought a steaming lapis lazuli ring for 80 gold pieces
 58675 | Depths:3 | Identified the ring "Onohacuw" {Dex+3 Stlth+} (You bought
                  | it in a shop on level 3 of the Depths)
 58691 | Depths:3 | Bought a scroll of teleportation for 39 gold pieces
 58691 | Depths:3 | Bought a scroll of identify for 26 gold pieces
 58691 | Depths:3 | Bought a scroll of blinking for 97 gold pieces
 58691 | Depths:3 | Bought a scroll of teleportation for 39 gold pieces
 58691 | Depths:3 | Bought a scroll of magic mapping for 45 gold pieces
 58695 | Depths:3 | Bought a potion of curing for 48 gold pieces
 58695 | Depths:3 | Bought a potion of resistance for 160 gold pieces
 58695 | Depths:3 | Bought a potion of resistance for 160 gold pieces
 58695 | Depths:3 | Bought a potion of curing for 48 gold pieces
 59101 | Depths:4 | Reached skill level 15 in Armour
 59273 | Depths:4 | Reached skill level 23 in Unarmed Combat
 59334 | Depths:4 | Killed Frederick
 59543 | Depths:4 | Received a gift from Yredelemnul (a skeletal warrior)
 59579 | Depths:4 | Identified the +1 faerie dragon scales {*Slow rCorr MP+6
                  | Str+3 Int+3 Dex+4}
 59579 | Depths:4 | Noticed the Enchantress
 59644 | Depths:4 | Killed the Enchantress
 59916 | Depths:4 | Received a gift from Yredelemnul (a bone dragon)
 59989 | Depths:4 | Paralysed by a floating eye for 4 turns
 60008 | Depths:4 | Reached skill level 5 in Translocations
 60645 | Depths:4 | Identified the +4 large shield of Going Fast {rElec Str+4}
 60646 | Depths:4 | Found a gateway to a ziggurat.
 60751 | Depths:4 | Found a gateway to a bazaar.
 60766 | Depths:4 | Your ally Frederick died
 60916 | Depths:4 | Received a gift from Yredelemnul (a flayed ghost)
 61044 | Depths:4 | Noticed Saint Roka
 61058 | Depths:4 | Killed Saint Roka
 61076 | Depths:4 | Found a runed translucent gate.
 61076 | Depths:4 | Found a runed translucent gate.
 61077 | Depths:4 | Found a runed translucent gate.
 61425 | Bazaar   | Entered a bazaar
 61427 | Bazaar   | Found Muares's Armour Emporium.
 61435 | Bazaar   | Found Heish's Book Emporium.
 61445 | Bazaar   | Found Hucwahot's Gadget Emporium.
 61446 | Bazaar   | Found Ucuhywe's Book Shoppe.
 61463 | Bazaar   | Found Aruzid's Antique Armour Shop.
 61488 | Bazaar   | Bought a phantom mirror for 480 gold pieces
 61488 | Bazaar   | Bought a phantom mirror for 480 gold pieces
 61488 | Bazaar   | Bought a phantom mirror for 480 gold pieces
 61664 | Depths:4 | Noticed DrEnzyme's ghost (veteran CeHu)
 61722 | Depths:5 | Entered Level 5 of the Depths
 61756 | Depths:5 | Noticed a juggernaut
 61779 | Depths:4 | Received a gift from Yredelemnul (a skeletal warrior)
 61918 | Depths:4 | Killed a juggernaut
 62309 | Depths:5 | Reached XP level 23. HP: 178/179 MP: 38/38
 62458 | Depths:5 | Received a gift from Yredelemnul (a profane servitor)
 62661 | Depths:5 | Noticed Jory
 63023 | Depths:4 | Received a gift from Yredelemnul (a phantasmal warrior)
 63276 | Depths:5 | Killed Jory
 63645 | Depths:5 | Identified the cursed +0 scale mail of the Pleiades {rC+
                  | rCorr MP-9 SInv}
 63656 | Depths:5 | Received a gift from Yredelemnul (a vampire)
 63678 | Depths:5 | Identified the +0 ring mail of Claustrophobia {MR+ Int+2}
                  | (You found it on level 5 of the Depths)
 63727 | Depths:5 | Reached skill level 10 in Shields
 64056 | Depths:5 | Received a gift from Yredelemnul (a ghoul)
 64449 | Depths:5 | Received a gift from Yredelemnul (a vampire)
 64452 | Depths:5 | Found a gate to the Realm of Zot.
 64751 | Zot:1    | Entered Level 1 of the Realm of Zot
 66987 | Zot:2    | Noticed an orb of fire
 66987 | Zot:2    | Gained mutation: Your mind is very acute. (Int +4) [an orb
                  | of fire]
 67004 | Zot:2    | Killed an orb of fire
 67099 | Zot:2    | Identified the Handbook of Talismans
 67623 | Zot:3    | Noticed a curse toe
 67636 | Zot:3    | HP: 9/180 [wandering mushroom[a curse toe] (8)]
 67637 | Zot:3    | HP: 2/180 [deathcap[a curse toe] (4)]
 67643 | Zot:3    | HP: 8/180 [deathcap/drain life[a curse toe] (3)]
 67643 | Zot:3    | HP: 1/180 [deathcap[a curse toe] (7)]
 67643 | Zot:3    | Killed from afar by a deathcap

Skill      XL: |  1  2  3  4  5  6  7  8  9 10 11 12 13 14 15 16 17 18 19 20 21 22 23 |
---------------+----------------------------------------------------------------------+-----
Dodging        | 2 3 4 5 6 7 9 |  9.0
Unarmed Combat | 1 2 3 4 5 7 10 11 14 15 17 18 19 20 21 22 23 | 23.9
Fighting       | 2 3 4 5 6 7 8 9 |  9.7
Armour         | 1 2 3 4 6 7 8 9 10 11 12 13 14 15 | 15.4
Invocations    | 3 4 5 6 7 8 9 |  9.9
Spellcasting   | 1 2 5 6 8 9 10 11 | 11.2
Transmutations | 1 2 5 6 8 9 10 | 10.8
Earth Magic    | 1 2 5 7 8 9 |  9.9
Shields        | 3 4 5 9 11 | 11.6
Necromancy     | 4 7 |  7.1
Translocations | 2 5 |  5.9
Short Blades   | |  0.9
Stealth        | |  0.8
Evocations     | |  3.3

Action                   |  1- 3 |  4- 6 |  7- 9 | 10-12 | 13-15 | 16-18 | 19-21 | 22-24 || total
-------------------------+-------+-------+-------+-------+-------+-------+-------+-------++-------
Melee: Short sword       |   134 |   104 |       |       |       |       |       |       ||   238
       Kick              |     8 |    35 |    52 |   140 |   168 |   172 |       |   253 ||   828
       Punch             |       |     1 |     4 |    25 |    37 |    35 |       |       ||   102
       Unarmed           |       |    44 |   230 |   511 |   626 |   696 |  1075 |   758 ||  3940
Invok: Animate Dead      |       |       |       |     4 |     7 |    11 |    14 |    24 ||    60
       Recall Undead Sla |       |       |       |       |     4 |    13 |    13 |     1 ||    31
       Enslave Soul      |       |       |       |       |       |     1 |     1 |       ||     2
       Injury Mirror     |       |       |       |       |       |     3 |       |       ||     3
       Drain Life        |       |       |       |       |       |       |     6 |     7 ||    13
Evoke: Wand              |       |     6 |    17 |    17 |     5 |     1 |       |     3 ||    49
       Phial of floods   |       |       |       |       |     1 |     1 |     1 |     1 ||     4
       Sack of spiders   |       |       |       |       |       |     1 |       |       ||     1
       Lamp of fire      |       |       |       |       |       |       |     1 |       ||     1
       Phantom mirror    |       |       |       |       |       |       |       |     1 ||     1
  Use: Scroll            |       |     8 |    13 |     7 |    22 |    12 |    17 |     7 ||    86
       Potion            |       |       |     4 |     3 |     3 |     8 |     4 |    10 ||    32
 Stab: Sleeping          |     3 |       |       |       |       |       |       |       ||     3
       Distracted        |       |       |       |     1 |    12 |    15 |    19 |     9 ||    56
       Betrayed ally     |       |       |       |     1 |       |       |       |       ||     1
       Confused          |       |       |       |       |     4 |       |       |     4 ||     8
       Paralysed         |       |       |       |       |       |     1 |     1 |       ||     2
  Eat: Chunk             |     3 |    29 |    20 |    22 |    13 |    17 |     9 |     2 ||   115
       Ration            |       |       |       |       |     4 |    10 |    14 |    12 ||    40
Armor: Leather armour    |    41 |    23 |    13 |       |       |       |       |       ||    77
       Chain mail        |       |       |    99 |   195 |   254 |   368 |   159 |       ||  1075
       Storm dragon scal |       |       |       |       |       |       |   142 |   282 ||   424
Dodge: Dodged            |    82 |    78 |    77 |   224 |   420 |   528 |   382 |   188 ||  1979
Block: Buckler           |       |       |       |       |       |    67 |   370 |     7 ||   444
       Reflection        |       |       |       |       |       |    11 |    52 |    54 ||   117
       Large shield      |       |       |       |       |       |       |       |   542 ||   542
       Shield            |       |       |       |       |       |       |       |    85 ||    85
